 Dungeon Crawl Stone Soup version 0.28-a0-563-gf77a47075d (webtiles) character file.

Game seed: 8611051607362144389

519 iamoutofideas the Cleaver (level 7, -3/60 HPs)
             Began as a Hill Orc Gladiator on Oct 1, 2021.
             Was an Initiate of Gozag.
             Slain by an iguana (12 damage)
             ... on level 5 of the Dungeon.
             The game lasted 00:05:13 (5186 turns).

iamoutofideas the Cleaver (Hill Orc Gladiator)      Turns: 5186, Time: 00:05:13

Health: -3/60      AC:  5    Str: 18 (19) XL:     7   Next: 21%
Magic:  7/7        EV: 12    Int:  5 (8)  God:    Gozag
Gold:   292        SH:  0    Dex: 11 (12) Spells: 6/6 levels left

rFire   . . .      SeeInvis +   h - +0 hand axe
rCold   . . .      Faith    .   (no shield)
rNeg    . . .      Spirit   .   b - +0 leather armour
rPois   .          Reflect  .   c - +0 helmet
rElec   .          Harm     .   (no cloak)
rCorr   +          Rampage  .   m - +0 pair of gloves
Will    .....                   (no boots)
Stlth   +.........              (no amulet)
HPRegen 0.20/turn               n - ring of resist corrosion
MPRegen 0.10/turn               e - ring of see invisible

@: no status effects
A: no striking features
a: Renounce Religion, Potion Petition, Call Merchant, Bribe Branch


You were on level 5 of the Dungeon.
You worshipped Gozag.
Gozag was aware of your devotion.
You visited 1 branch of the dungeon, and saw 5 of its levels.
You also visited: Sewer.

You collected 401 gold pieces.
You spent 78 gold pieces at shops.
You paid 31 gold pieces to Gozag.

Inventory:

Hand Weapons
 a - a +0 war axe
 h - a +0 hand axe (weapon)
Missiles
 d - 3 throwing nets (quivered)
Armour
 b - a +0 leather armour (worn)
 c - a +0 helmet (worn)
 m - a +0 pair of gloves (worn)
Jewellery
 e - a ring of see invisible (right hand)
 l - a ring of fire
 n - a ring of resist corrosion (left hand)
 s - a ring of protection from fire
Scrolls
 g - a scroll of magic mapping {unknown}
 i - a scroll of vulnerability {unknown}
 j - a scroll of summoning
 k - a scroll of fear {unknown}
 q - a scroll of holy word {unknown}
Potions
 f - a potion of brilliance
 o - a potion of degeneration
 p - a potion of curing
 r - a potion of magic


   Skills:
 + Level 4.9 Fighting
 * Level 8.0 Axes
 - Level 1.9 Throwing
 + Level 3.5 Armour
 - Level 2.5 Dodging


You had 6 spell levels left.
You didn't know any spells.
Your spell library contained the following spells:

 Spells                   Type           Power      Damage    Failure   Level
 Animate Skeleton         Necr           0%         N/A       54%         1
 Apportation              Tloc           0%         N/A       54%         1
 Summon Small Mammal      Summ           0%         N/A       54%         1
 Gell's Gravitas          Tloc           0%         N/A       88%         3
 Teleport Other           Tloc           0%         N/A       88%         3
 Dispersal                Tloc           0%         N/A       100%        6


Dungeon Overview and Level Annotations

Branches:
Dungeon (5/15)              Sewer (visited)
 Temple: D:4-7

Altars:
Cheibriados
Gozag
Kikubaaqudgha
Sif Muna
The Shining One

Shops:
D:4 ![


Message History

The iguana is moderately wounded.
The iguana barely misses you.
You hit the iguana but do no damage.
The iguana is moderately wounded.
The iguana bites you.
You closely miss the iguana.
The iguana is moderately wounded.
The iguana closely misses you.
You barely miss the iguana.
The iguana is moderately wounded.
The iguana bites you!
You are too injured to fight recklessly!
You barely miss the iguana.
The iguana is moderately wounded.
The iguana bites you.
You closely miss the iguana.
The iguana is moderately wounded.
The iguana barely misses you.
You hit the iguana.
The iguana is moderately wounded.
You hit the iguana.
The iguana is heavily wounded.
The iguana completely misses you.
You barely miss the iguana.
The iguana is heavily wounded.
The iguana bites you!
* * * LOW HITPOINT WARNING * * *
You closely miss the iguana.
The iguana is heavily wounded.
The iguana completely misses you.
You feel better. The iguana barely misses you.
You completely miss the iguana.
The iguana is heavily wounded.
The iguana bites you!
* * * LOW HITPOINT WARNING * * *
You hit the iguana but do no damage.
The iguana is heavily wounded.
The iguana bites you!
You die...
Your body crumbles into a pile of gold.

#... $ .. #.. #.#
#.. .. ...
#.###.## ......
#.##l#
##.##@#####.#
#...........#
#..##.#######
#......<..
#.####..#..####
#..............
#######....######
#................
#.#####..>...##


You could see an iguana.

Vanquished Creatures
  Sigmund (D:5)
  Purgy (Sewer)
  A centaur zombie (D:4)
  A centaur skeleton (D:4)
  2 hound skeletons (D:4)
  5 adders
  2 worms (D:4)
  6 dart slugs
  6 orcs
  6 endoplasms
  7 giant cockroaches
  13 goblins
  9 hobgoblins
  3 jackals (D:1)
  11 kobolds
  2 quokkas
  15 ball pythons
  5 bats (D:1)
  4 frilled lizards
  4 rats
104 creatures vanquished.

Vanquished Creatures (collateral kills)
  A goblin (D:4)
1 creature vanquished.

Grand Total: 105 creatures vanquished

Notes
Turn   | Place    | Note
-------+----------+-------------------------------------------
     0 | D:1      | iamoutofideas the Hill Orc Gladiator began the quest for
                  | the Orb.
     0 | D:1      | Reached XP level 1. HP: 18/18 MP: 1/1
    76 | D:1      | Found a faded altar of an unknown god.
   171 | D:1      | Reached XP level 2. HP: 20/25 MP: 2/2
   391 | D:1      | Reached XP level 3. HP: 3/30 MP: 3/3
   809 | D:1      | Reached skill level 5 in Axes
   813 | D:1      | Reached skill level 1 in Armour
  1240 | D:2      | Found an ancient bone altar of Kikubaaqudgha.
  1509 | D:2      | Reached XP level 4. HP: 33/38 MP: 4/4
  2610 | D:3      | Found a glowing golden altar of the Shining One.
  2637 | D:3      | Reached skill level 6 in Axes
  2637 | D:3      | Reached XP level 5. HP: 30/45 MP: 5/5
  2881 | D:3      | Found an opulent altar of Gozag.
  2881 | D:3      | Found a shimmering blue altar of Sif Muna.
  2979 | D:3      | Became a worshipper of Gozag Ym Sagoz the Greedy
  3554 | D:4      | Found Ujuzxah's Armour Boutique.
  3563 | D:4      | Found a snail-covered altar of Cheibriados.
  3789 | D:4      | Found a glowing drain.
  3818 | D:4      | Reached XP level 6. HP: 31/52 MP: 6/6
  3850 | Sewer    | Entered a sewer
  3951 | Sewer    | Noticed Purgy
  3971 | Sewer    | Killed Purgy
  3972 | Sewer    | Reached skill level 7 in Axes
  4459 | D:4      | Found Usyadaol's Distillery.
  4464 | D:4      | Bought a potion of curing for 39 gold pieces
  4464 | D:4      | Bought a potion of curing for 39 gold pieces
  4930 | D:5      | Entered Level 5 of the Dungeon
  4931 | D:5      | Noticed Sigmund
  4953 | D:5      | Killed Sigmund
  4954 | D:5      | Reached skill level 8 in Axes
  4954 | D:5      | Reached XP level 7. HP: 29/60 MP: 7/7
  5186 | D:5      | Slain by an iguana

Illustrated notes

Levels and vault maps discovered:
D:1:      minmay_arrival_four_loops, layout_basic,
          chequers_ecumenical_altar_simple_redux
D:2:      kennysheep_the_goblin_king, layout_loops_ring, basic_altar,
          minmay_misc_feat_columns, kennysheep_pointless_box,
          lightli_corner_chamber
D:3:      layout_loops_ring, gammafunk_temple_overflow_statue,
          mainiacjoe_overflow_cross_hatched
D:4:      layout_basic, mainiacjoe_overflow_concentric_impassable, serial_shops,
          shop, shop, cheibrodos_sewer_entry_bend,
          eino_small_chamber_without_monster, kennysheep_generic_room_16
D:5:      minmay_clustersquares, layout_basic, uniq_sigmund

Skill      XL: |  1  2  3  4  5  6 |
---------------+-------------------+-----
Axes           | 5 6 8 |  8.0
Armour         | 1 2 3 |  3.5
Fighting       | 3 4 |  4.9
Throwing       | |  1.9
Dodging        | |  2.5

Action                   |  1- 3 |  4- 6 |  7- 9 || total
-------------------------+-------+-------+-------++-------
Melee: War axe           |    43 |       |       ||    43
       Hand axe          |    55 |   212 |    18 ||   285
  Use: Scroll            |       |    10 |       ||    10
       Potion            |       |     8 |     1 ||     9
 Stab: Sleeping          |     1 |     3 |       ||     4
Armor: Leather armour    |    31 |    72 |       ||   103
       Skin              |       |    33 |       ||    33
Dodge: Dodged            |    79 |   140 |     8 ||   227

Table legend: (Time is in decaauts)
 A = Elapsed time spent in this place.
 B = Non-inter-level travel time spent in this place.
 C = Inter-level travel time spent in this place.
 D = Time resting spent in this place.
 E = Time spent auto-exploring this place.
 F = Levels seen in this place.
 G = Mean time per level.
                   A        B        C        D        E       F      G
               +--------+--------+--------+--------+--------+-----+--------+
         Total |   5213 |   4998 |    215 |    523 |   3498 |   6 |  868.8 |
       Dungeon |   4804 |   4589 |    215 |    299 |   3398 |   5 |  960.8 |
         Sewer |    409 |    409 |      0 |    224 |    100 |   1 |  409.0 |
               +--------+--------+--------+--------+--------+-----+--------+

Top non-repeatable levels by time:
     D:1: 1253 daAuts
     D:2: 1187 daAuts
     D:3: 1077 daAuts
     D:4: 1032 daAuts
   Sewer: 409 daAuts
     D:5: 253 daAuts
